 Dungeon Crawl Stone Soup version 0.29.1-12-g30fa7ad0bf (webtiles) character file.

Game seed: 10980025942435356493

76311 Rrauwl the Bludgeoner (level 15, -2/92 HPs)
             Began as a Gargoyle Fighter on Dec 18, 2022.
             Was a High Priest of Makhleb.
             Slain by a titanic slime creature (81 damage)
             ... on level 15 of the Dungeon on Dec 19, 2022.
             The game lasted 01:27:58 (20885 turns).

Rrauwl the Bludgeoner (Gargoyle Fighter)           Turns: 20885, Time: 01:27:58

Health: -2/92      AC: 40    Str: 26    XL:     15   Next: 53%
Magic:  31/31      EV: 12    Int:  9    God:    Makhleb [*****.]
Gold:   1176       SH: 16    Dex: 13    Spells: 32/38 levels left

rFire   + . .      SeeInvis .   a - +4 eveningstar of Misery {holy, rPois rC+}
rCold   + . .      Faith    .   l - +0 kite shield
rNeg    + . .      Spirit   .   B - +1 plate armour {rF+}
rPois   ∞          Reflect  +   k - +0 helmet
rElec   +          Harm     .   L - +0 cloak
rCorr   .          Rampage  .   c - +2 pair of gloves {Str+3}
Will    ++...                   (no boots)
Stlth   ..........              p - amulet of reflection
HPRegen 0.25/turn               n - +4 ring of evasion
MPRegen 0.22/turn               t - +4 ring of protection

@: flying
A: sickness immunity, AC +11, big wings, negative energy resistance 1,
electricity resistance, torment resistance 1, petrification resistance,
iridescent scales 1, strong-willed 1
a: Renounce Religion, Minor Destruction, Lesser Servant of Makhleb, Major
Destruction, Greater Servant of Makhleb


You were on level 15 of the Dungeon.
You worshipped Makhleb.
Makhleb was extremely pleased with you.
You visited 3 branches of the dungeon, and saw 21 of its levels.
You also visited: Ossuary.

You collected 1628 gold pieces.
You spent 452 gold pieces at shops.

Inventory:

Hand Weapons
 a - the +4 eveningstar of Misery (weapon) {holy, rPois rC+}
   (You acquired it in an ossuary)

   It has been blessed by the Shining One to cause great damage to the undead
   and demons.
   rC:        It protects you from cold.
   rPois:     It protects you from poison.
Missiles
 D - 3 boomerangs of dispersal (quivered)
Armour
 c - a +2 pair of gloves of strength (worn)
 k - a +0 helmet (worn)
 l - a +0 kite shield (worn)
 B - a +1 plate armour of fire resistance (worn)
 F - the +5 robe of Night {Dark Will+ SInv}
   (You found it on level 12 of the Dungeon)

   It shrouds the wearer in darkness, reducing the range at which they can see
   and be seen by others.
   SInv:      It lets you see invisible.
   Will:      It increases your willpower.
 L - a +0 cloak (worn)
Magical Staves
 x - a staff of fire
Jewellery
 n - a +4 ring of evasion (left hand)
 p - an amulet of reflection (around neck)
 t - a +4 ring of protection (right hand)
 E - a ring of protection from fire
Wands
 d - a wand of mindburst (27)
 e - a wand of flame (13)
 r - a wand of digging (6)
 s - a wand of iceblast (29)
 y - a wand of charming (8)
Scrolls
 b - a scroll of magic mapping
 g - 2 scrolls of blinking
 j - 18 scrolls of identify
 o - 4 scrolls of teleportation
 u - a scroll of fog
 v - 3 scrolls of fear
 C - a scroll of enchant weapon
 G - a scroll of enchant armour
 J - 2 scrolls of amnesia
 K - 2 scrolls of poison
Potions
 f - 5 potions of curing
 h - 2 potions of lignification
 i - 3 potions of brilliance
 q - a potion of berserk rage
 w - a potion of haste
 z - a potion of cancellation
 A - a potion of ambrosia
 H - 3 potions of heal wounds
 I - a potion of invisibility
Miscellaneous
 m - a phantom mirror


   Skills:
 - Level 10.0 Fighting
 - Level 16.0 Maces & Flails
 - Level 12.0 Armour
 - Level 4.0 Dodging
 - Level 4.0 Stealth
 - Level 10.0 Shields
 + Level 12.0 Spellcasting
 - Level 8.0 Invocations
 - Level 8.0 Evocations


You had 32 spell levels left.
You knew the following spells:

 Your Spells              Type           Power      Damage    Failure   Level
a - Passwall              Tmut/Erth      4%         N/A       97%         2
b - Petrify               Tmut/Erth      5%         N/A       100%        4

Your spell library contained the following spells:

 Spells                   Type           Power      Damage    Failure   Level
 Magic Dart               Conj           20%        1d4       91%         1
 Sandblast                Erth           10%        2d5       91%         1
 Slow                     Hex            20%        N/A       91%         1
 Sting                    Tmut/Pois      20%        1d4       91%         1
 Poisonous Vapours        Pois/Air       10%        N/A       97%         2
 Searing Ray              Conj           10%        2d4       97%         2
 Confusing Touch          Hex            5%         N/A       100%        3
 Ozocubu's Armour         Ice            5%         N/A       100%        3
 Stone Arrow              Conj/Erth      10%        3d7       100%        3
 Vampiric Draining        Necr           5%         2d6       100%        3
 Fulminant Prism          Conj/Hex       2%         3d6       100%        4
 Hailstorm                Conj/Ice       5%         3d4       100%        4
 Ice Form                 Ice/Tmut       5%         N/A       100%        4
 Olgreb's Toxic Radiance  Pois           5%         N/A       100%        4
 Fireball                 Conj/Fire      2%         3d4       100%        5
 Iskenderun's Battlesphe  Conj           5%         2d6       100%        5
 Metabolic Englaciation   Hex/Ice        2%         N/A       100%        5
 Conjure Ball Lightning   Conj/Air       2%         3x3d6     100%        6
 Simulacrum               Ice/Necr       2%         N/A       100%        6
 Orb of Destruction       Conj           2%         9d5       100%        7
 Ozocubu's Refrigeration  Ice            2%         4d8       100%        7
 Ignition                 Fire           2%         3d3       100%        8
 Statue Form              Tmut/Erth      Unusable   N/A       N/A         6

Dungeon Overview and Level Annotations

Branches:
Dungeon (15/15)            Temple (1/1) D:7            Lair (5/5) D:9
 Shoals (0/4) Lair:3       Spider (0/4) Lair:3        Slime (0/5) Lair:5
    Orc (0/2) D:12         Vaults (0/5) D:14        Ossuary (visited)
 Depths: D:15

Altars:
Ashenzari
Cheibriados
Dithmenos
Fedhas
Kikubaaqudgha
Makhleb
Nemelex Xobeh
Qazlal
Ru
Sif Muna
Trog
Uskayaw
Vehumet
Wu Jian
Jiyva

Shops:
D:4 !   D:7 :=?(?   D:9 **   D:14 [

Annotations:
D:5 3 runed translucent doors, Mercurial's ghost, novice GrFi; kanttarelli's ghost, novice DgAM
D:11 4 transporters
Lair:5 1 runed translucent door


Innate Abilities, Weirdness & Mutations

You are immune to sickness and miasma.
Your stone body is resilient. (AC +11)
You are immune to poison.
Your large and strong wings let you fly.
You resist negative energy. (rN+)
You are resistant to electric shocks. (rElec)
You are resistant to unholy torment.
You are immune to petrification.
You are partially covered in iridescent scales. (AC +2)
You are strong-willed. (Will+)


Message History

Makhleb accepts your kill.
You feel better.
A slime creature comes into view.
Your Spellcasting skill increases to level 12!
You hit the slime creature.
The slime creature is lightly wounded.
The slime creature hits you.
A slime creature comes into view.
You hit the slime creature.
The slime creature is lightly wounded.
The slime creature hits you but does no damage.
You hit the slime creature.
The slime creature is lightly wounded.
You barely miss the slime creature.
The slime creature is lightly wounded.
The slime creature closely misses you.
A slime creature comes into view.
Two slime creatures merge to form a large slime creature.
You sock the large slime creature!
The large slime creature is lightly wounded.
You barely miss the large slime creature.
The large slime creature is lightly wounded.
You bludgeon the large slime creature!!
The large slime creature is moderately wounded.
Two slime creatures merge to form a very large slime creature.
Two slime creatures merge to form an enormous slime creature.
You sock the enormous slime creature!
The enormous slime creature is lightly wounded.
You impale the enormous slime creature!!
The enormous slime creature is moderately wounded.
You hit the enormous slime creature.
The enormous slime creature is moderately wounded.
Two slime creatures merge to form a titanic slime creature.
You hit the titanic slime creature.
The titanic slime creature is moderately wounded.
You hit the titanic slime creature.
The titanic slime creature is moderately wounded.
The titanic slime creature hits you!!!!
Ouch! That really hurt!
You die...

..# #?... .O.O.O
#.########...##O...##
#.##..........$...!O.
#.#.#.#####...#
#..###........#
#.#.#.†.##..#.#
#.##......J...#
#.####..##J#### #.#
#..##@# #.# #.....#
#.# #.###.# #######.#
#.# #... ........#
#.# #.### #########
#.# #.# #.# #.# #.
#.# #. .#


You could see a titanic slime creature and a slime creature.

Vanquished Creatures
  Josephine (D:15)
  2 boulder beetles
  8 hydras
  A rakshasa (D:14)
  2 centaur warriors
  3 catoblepae (Lair:5)
  4 two-headed ogres
  2 dancing weapons (D:14)
  14 death yaks (Lair:5)
  A tengu warrior (D:14)
  Urug (Lair:2)
  4 skeletal warriors (D:13)
  A deep elf pyromancer (D:13)
  2 manticores (Lair:5)
  3 ugly things
  5 cyclopes
  10 elephants
  Joseph (Lair:1)
  3 gargoyles
  14 cane toads
  3 black mambas
  Maggie (D:6)
  An unseen horror (D:8)
  2 kobold demonologists
  9 komodo dragons
  2 tengu conjurers (D:14)
  An efreet (D:14)
  5 rime drakes
  A polar bear (Lair:5)
  4 trolls
  3 meliai (D:12)
  Grinder (D:4)
  3 hornets
  8 blink frogs
  A wind drake (shapeshifter) (D:12)
  17 dream sheep
  11 slime creatures
  A jumping spider (shapeshifter) (D:15)
  2 jumping spiders (Lair:3)
  Sigmund (D:5)
  A vampire (D:9)
  5 shadows
  A water elemental (D:12)
  5 wraiths (D:15)
  2 wyverns (Lair:1)
  41 yaks
  5 vampire mosquitoes
  2 steam dragons
  4 basilisks
  A redback (Lair:3)
  17 water moccasins
  An acid dragon (D:11)
  5 orc warriors
  An ice beast (D:5)
  4 sky beasts
  A black bear (D:5)
  4 boggarts (D:14)
  3 ogres
  35 wolves
  15 centaurs
  A phantom (D:6)
  5 elf zombies (Ossuary)
  14 bullfrogs
  4 scorpions
  A gnoll sergeant (D:13)
  4 wights (D:10)
  3 killer bees (D:11)
  5 howler monkeys
  An electric eel (D:12)
  A bullfrog zombie (D:6)
  6 centaur zombies
  4 orc priests
  2 human zombies (Ossuary)
  3 jellies
  A centaur skeleton (D:6)
  3 hounds
  Jessica (D:3)
  5 iguanas
  9 orc wizards
  A killer bee zombie (D:6)
  3 mummies (Ossuary)
  10 gnolls
  7 adders
  A shadow imp (D:5)
  3 white imps
  4 ufetubi
  2 worms
  2 dart slugs (D:3)
  25 orcs
  7 ball pythons
  7 bats
  5 endoplasms
  3 giant cockroaches
  7 goblins
  6 hobgoblins
  A quokka (D:2)
  2 frilled lizards
  2 kobolds
  5 rats
488 creatures vanquished.

Vanquished Creatures (collateral kills)
  A hydra (Lair:3)
  A death yak (Lair:5)
  An acid dragon (D:13)
  7 wolves (Lair:4)
10 creatures vanquished.

Vanquished Creatures (others)
  50 fungi
  65 plants
  7 withered plants
122 creatures vanquished.

Grand Total: 620 creatures vanquished

Notes
Turn   | Place    | Note
-------+----------+-------------------------------------------
     0 | D:1      | Rrauwl the Gargoyle Fighter began the quest for the Orb.
     0 | D:1      | Reached XP level 1. HP: 14/14 MP: 1/1
   399 | D:1      | Reached XP level 2. HP: 12/19 MP: 2/2
   873 | D:1      | Reached XP level 3. HP: 23/23 MP: 3/3
  1499 | D:2      | Found an ancient bone altar of Kikubaaqudgha.
  1781 | D:3      | Found a bloodstained altar of Trog.
  1827 | D:3      | Reached XP level 4. HP: 21/29 MP: 4/4
  1937 | D:3      | Noticed Jessica
  1946 | D:3      | Gained mutation: You sometimes lose your temper in combat.
                  | [potion of mutation]
  1946 | D:3      | Gained mutation: Your flesh is heat resistant. (rF+)
                  | [potion of mutation]
  1948 | D:3      | Killed Jessica
  2146 | D:3      | Noticed an ogre
  2157 | D:3      | Killed an ogre
  2158 | D:3      | Reached skill level 3 in Maces & Flails
  2158 | D:3      | Reached XP level 5. HP: 31/33 MP: 5/5
  2222 | D:3      | Identified the +2 leather armour of the Black Moon {-Cast
                  | rN+ Str+3}
  2444 | D:4      | Found Ybbufum's Distillery.
  2450 | D:4      | Bought a potion of degeneration for 14 gold pieces
  2450 | D:4      | Bought a potion of haste for 140 gold pieces
  2461 | D:4      | Reached skill level 1 in Dodging
  2469 | D:4      | Reached XP level 6. HP: 39/39 MP: 6/6
  2786 | D:4      | Found a burning altar of Makhleb.
  2788 | D:4      | Noticed Grinder
  2815 | D:4      | Paralysed by Grinder for 2 turns
  2824 | D:4      | Killed Grinder
  2825 | D:4      | Reached skill level 5 in Fighting
  2825 | D:4      | Reached skill level 4 in Maces & Flails
  2825 | D:4      | Reached skill level 5 in Armour
  2825 | D:4      | Reached skill level 5 in Shields
  2825 | D:4      | Reached XP level 7. HP: 44/44 MP: 7/7
  2831 | D:4      | Became a worshipper of Makhleb the Destroyer
  2881 | D:4      | Reached skill level 5 in Maces & Flails
  3532 | D:5      | Entered Level 5 of the Dungeon
  3610 | D:5      | Reached skill level 6 in Maces & Flails
  3664 | D:5      | Reached XP level 8. HP: 25/49 MP: 8/8
  3816 | D:5      | Found a runed translucent gate.
  3817 | D:5      | Found a runed translucent gate.
  3818 | D:5      | Found a runed translucent gate.
  3820 | D:5      | Noticed Mercurial's ghost (novice GrFi)
  3820 | D:5      | Noticed kanttarelli's ghost (novice DgAM)
  3880 | D:5      | Reached * piety under Makhleb
  3881 | D:5      | Reached skill level 7 in Maces & Flails
  4021 | D:5      | Noticed Sigmund
  4030 | D:5      | Killed Sigmund
  4141 | D:5      | Reached skill level 8 in Maces & Flails
  4420 | D:6      | Found a hide-covered altar of Uskayaw.
  4447 | D:6      | Reached skill level 9 in Maces & Flails
  4620 | D:6      | Noticed Maggie
  4634 | D:6      | Reached XP level 9. HP: 49/54 MP: 9/9
  4658 | D:6      | Killed Maggie
  4659 | D:6      | Reached skill level 10 in Maces & Flails
  4935 | D:6      | Found a sand-covered staircase.
  4942 | Ossuary  | Entered an ossuary
  5053 | Ossuary  | Reached skill level 11 in Maces & Flails
  5100 | Ossuary  | Identified a scroll of acquirement
  5100 | Ossuary  | Acquired the +4 eveningstar of Misery {holy, rPois rC+}
  5245 | D:6      | Lost mutation: Your flesh is heat resistant. (rF+) [potion
                  | of mutation]
  5245 | D:6      | Lost mutation: You sometimes lose your temper in combat.
                  | [potion of mutation]
  5245 | D:6      | Gained mutation: You are strong-willed. (Will+) [potion of
                  | mutation]
  5245 | D:6      | Gained mutation: You are partially covered in iridescent
                  | scales. (AC +2) [potion of mutation]
  5611 | D:7      | Found a broken altar of Ashenzari.
  5665 | D:7      | Reached skill level 1 in Invocations
  5670 | D:7      | Reached skill level 1 in Evocations
  5749 | D:7      | Learned a level 2 spell: Passwall
  5792 | D:7      | Found a shimmering blue altar of Sif Muna.
  5803 | D:7      | Found Tisus's Magic Scroll Emporium.
  5814 | D:7      | Bought a scroll of fear for 40 gold pieces
  5814 | D:7      | Bought a scroll of enchant armour for 75 gold pieces
  5814 | D:7      | Bought a scroll of enchant armour for 75 gold pieces
  5814 | D:7      | Bought a scroll of enchant weapon for 75 gold pieces
  5814 | D:7      | Found a staircase to the Ecumenical Temple.
  5866 | D:7      | Found Vidgho's Jewellery Shoppe.
  5896 | Temple   | Entered the Ecumenical Temple
  5920 | D:7      | Found Onuosaho's Firing Range.
  5987 | D:7      | Found a radiant altar of Vehumet.
  5987 | D:7      | Found a sparkling altar of Nemelex Xobeh.
  6025 | D:7      | Reached XP level 10. HP: 59/59 MP: 11/11
  6045 | D:7      | Found Wuh Hued's Book Shoppe.
  6060 | D:7      | Found a blossoming altar of Fedhas.
  6158 | D:7      | Found Ofydghev's Magic Scroll Boutique.
  6168 | D:7      | Bought a scroll of teleportation for 33 gold pieces
  6506 | D:8      | Reached skill level 12 in Maces & Flails
  6597 | D:8      | Killed an unseen horror
  6770 | D:8      | Learned a level 2 spell: Passwall
  6814 | D:8      | Reached ** piety under Makhleb
  7044 | D:9      | Found a staircase to the Lair.
  7362 | D:9      | Found Ixtarr's Overcharged Wands.
  7488 | D:9      | Reached XP level 11. HP: 46/63 MP: 14/14
  7643 | D:9      | Found Xamoeps's Lightly-Used Armoury.
  7738 | D:9      | Found a snail-covered altar of Cheibriados.
  8353 | D:10     | Entered Level 10 of the Dungeon
  8354 | D:10     | Noticed a red ugly thing
  8361 | D:10     | Reached skill level 13 in Maces & Flails
  8435 | Lair:1   | Entered Level 1 of the Lair of Beasts
  9258 | Lair:1   | Noticed Joseph
  9295 | Lair:1   | Killed Joseph
  9932 | Lair:1   | Reached skill level 10 in Armour
 10077 | Lair:2   | Identified the +2 ring mail of the Mackerel {rF++ MP-9}
 10326 | Lair:2   | Reached skill level 14 in Maces & Flails
 10379 | Lair:2   | Noticed Urug
 10388 | Lair:2   | Killed Urug
 10426 | Lair:2   | Reached *** piety under Makhleb
 10509 | Lair:2   | Reached XP level 12. HP: 68/68 MP: 15/15
 11242 | Lair:3   | Found a staircase to the Shoals.
 11321 | Lair:3   | Noticed a six-headed hydra
 11349 | Lair:3   | Killed a six-headed hydra
 11516 | Lair:3   | Reached skill level 15 in Maces & Flails
 11740 | Lair:3   | Found a hole to the Spider Nest.
 11841 | Lair:3   | Reached skill level 5 in Invocations
 12063 | Lair:4   | Noticed a six-headed hydra
 12070 | Lair:4   | Reached skill level 5 in Evocations
 12073 | Lair:4   | Killed a six-headed hydra
 12077 | Lair:4   | Reached **** piety under Makhleb
 12227 | Lair:4   | Reached XP level 13. HP: 32/76 MP: 16/16
 12989 | Lair:4   | Found a bloodstained altar of Trog.
 13268 | Lair:5   | Entered Level 5 of the Lair of Beasts
 13276 | Lair:5   | Reached skill level 16 in Maces & Flails
 13356 | Lair:5   | Learned a level 4 spell: Petrify
 13366 | Lair:5   | Found a runed translucent door.
 13368 | Lair:5   | Found a viscous altar of Jiyva.
 13369 | Lair:5   | Noticed an acid blob
 13370 | Lair:5   | Found a staircase to the Slime Pits.
 13370 | Lair:5   | Noticed an acid blob
 14047 | Lair:5   | Reached skill level 10 in Fighting
 14242 | Lair:5   | Reached skill level 1 in Stealth
 14632 | Lair:5   | Gained mutation: Your large and strong wings let you fly.
                  | [Gargoyle growth]
 14632 | Lair:5   | Reached XP level 14. HP: 88/88 MP: 18/18
 15984 | D:10     | Found a sacrificial altar of Ru.
 15994 | D:10     | Reached skill level 1 in Spellcasting
 16208 | D:11     | Found a transporter.
 16319 | D:11     | Reached ***** piety under Makhleb
 16744 | D:11     | Found a transporter.
 16789 | D:11     | Found a transporter.
 16968 | D:11     | Found a transporter.
 17246 | D:12     | Found a staircase to the Orcish Mines.
 17868 | D:12     | Reached skill level 10 in Shields
 17875 | D:12     | Found the +5 robe of Night {Dark Will+ SInv}
 17946 | D:12     | You are sucked into a shaft and drop 2 floors!
 18405 | D:12     | Reached skill level 5 in Spellcasting
 18810 | D:13     | Reached XP level 15. HP: 91/92 MP: 23/23
 19443 | D:13     | Found an ornate altar of the Wu Jian Council.
 19775 | D:14     | Reached skill level 10 in Spellcasting
 20062 | D:14     | Found a gate to the Vaults.
 20129 | D:14     | Found Ethaeclompy's Antique Armour Shop.
 20585 | D:15     | Entered Level 15 of the Dungeon
 20600 | D:15     | Found a shadowy altar of Dithmenos.
 20653 | D:15     | Noticed Josephine
 20671 | D:15     | Killed Josephine
 20885 | D:15     | Slain by a titanic slime creature

Illustrated notes

Levels and vault maps discovered:
D:1:      psy_arrival_fountain, layout_basic
D:2:      cheibrodos_helix_gallery, layout_rooms, basic_altar,
          hangedman_decor_points, minivault_11
D:3:      layout_rooms, trog_book, chequers_serial_rivers_micro_a, uniq_jessica
D:4:      layout_basic, lemuel_crystal_altar, serial_shops,
          nicolae_shop_hallway_stairs, uniq_grinder
D:5:      layout_gridville, gammafunk_ghost_cemetery, uniq_sigmund
D:6:      layout_cave_pools, overflow_temple_1_default, serial_undead,
          serial_undead_b, serial_undead_b, serial_undead_c, serial_undead_e,
          lightli_ossuary_entry_decrepit_ruins, kennysheep_generic_room_10,
          uniq_maggie
D:7:      layout_cave_pools, mainiacjoe_overflow_paths,
          mainiacjoe_overflow_24_doors, nicolae_overflow_hidden_temple,
          evilmike_ruin_ashenzari, minmay_temple_entry_junction_2, serial_shops,
          nicolae_shop_waterfront, nicolae_lakefront_shop,
          nicolae_shop_behind_doors, shop, nicolae_shop_firing_range
D:8:      layout_rooms, amcnicky_mini_rare_corridor_liquid, minmay_bent
D:9:      layout_stronghold, mainiacjoe_overflow_surrounded_room,
          dpeg_oklobed_lair, minmay_shop_damaged, nicolae_shop_overcharged_wands
D:10:     layout_cross, mainiacjoe_overflow_alcove_2
D:11:     layout_loops_ring, nicolae_transporter_intersection
D:12:     layout_basic, minmay_orc_entry_temple_small,
          hellmonk_guarded_unrand_night
D:13:     layout_loops_ring, minmay_misc_feat_plants,
          nicolae_wu_jian_immortal_techniques
D:14:     layout_loops_ring, erik_vaults_1, hangedman_abyss_or_decor_stagger,
          nicolae_inconvenience_store
D:15:     grunt_enter_depths_snipers, layout_loops_ring,
          grunt_dithmenos_shadows, uniq_josephine
Temple:   chequers_temple_sunken
Lair:1:   layout_cave_pods, infiniplex_staircase_pool_2, uniq_joseph
Lair:2:   layout_long_grid, uniq_urug
Lair:3:   layout_gridlike, minmay_shoals_entry_centaurs,
          spider_nest_entry_funnel_web
Lair:4:   layout_gridlike, basic_altar, grunt_forest_large_clearings
Lair:5:   evilmike_catoblepas_cave, layout_gridlike, slime_entry_2,
          infiniplex_staircase_pool, serial_bayou_shore_a

Skill      XL: |  1  2  3  4  5  6  7  8  9 10 11 12 13 14 15 |
---------------+----------------------------------------------+-----
Fighting       | 4 5 7 10 | 10.0
Armour         | 4 5 7 10 12 | 12.0
Shields        | 4 5 8 10 | 10.0
Maces & Flails | 3 4 6 9 11 12 14 15 16 | 16.0
Dodging        | 1 2 4 |  4.0
Invocations    | 2 4 5 8 |  8.0
Evocations     | 1 4 5 7 8 |  8.0
Stealth        | 2 4 |  4.0
Spellcasting   | 5 12 | 12.0

Action                   |  1- 3 |  4- 6 |  7- 9 | 10-12 | 13-15 || total
-------------------------+-------+-------+-------+-------+-------++-------
Melee: Flail             |   111 |    81 |   235 |       |       ||   427
       Eveningstar       |       |       |    68 |   623 |   957 ||  1648
Invok: Lesser Servant of |       |       |       |     2 |    13 ||    15
Evoke: Wand              |       |       |       |     5 |    58 ||    63
  Use: Scroll            |     5 |     1 |     4 |     4 |     7 ||    21
       Potion            |     2 |     7 |     9 |     5 |     5 ||    28
 Stab: Distracted        |       |       |       |     1 |     1 ||     2
       Petrified         |       |       |       |       |     6 ||     6
Armor: Scale mail        |    63 |       |       |       |       ||    63
       Chain mail        |    25 |     9 |       |       |       ||    34
       Leather armour    |       |    23 |   122 |    26 |       ||   171
       Plate armour      |       |       |       |   403 |   374 ||   777
Dodge: Dodged            |    44 |    35 |   160 |   315 |   230 ||   784
Block: Buckler           |    25 |    14 |    52 |   182 |   171 ||   444
       Kite shield       |       |       |       |       |   317 ||   317
       Reflection        |       |       |       |       |    20 ||    20
